 Dungeon Crawl Stone Soup version 0.21.1-1-g345015fe64 (webtiles) character file.

345 Dox the Shield-Bearer (level 6, -8/38 HPs)
             Began as a Gargoyle Fighter on Apr 13, 2018.
             Mangled by an ogre
             ... wielding a +0 giant club
              (13 damage)
             ... on level 4 of the Dungeon.
             The game lasted 00:16:30 (2888 turns).

Dox the Shield-Bearer (Gargoyle Fighter)            Turns: 2888, Time: 00:16:31

Health: -8/38      AC: 17    Str: 20    XL:     6   Next: 58%
Magic:  6/6        EV:  8    Int:  9    God:
Gold:   236        SH:  9    Dex: 10    Spells: 5/5 levels left

rFire    . . .     SeeInvis .   a - +0 flail
rCold    . . .     Gourm    .   c - +0 shield
rNeg     + . .     Faith    .   b - +0 scale mail
rPois    ∞         Spirit   .   A - +2 helmet
rElec    +         Reflect  .   s - +0 cloak
rCorr    .         Harm     .   m - +0 pair of gloves
MR       .....                  (no boots)
Stlth    +.........             (no amulet)
HPRegen  0.12/turn              C - ring of stealth
MPRegen  0.10/turn              (no ring)

@: no status effects
A: negative energy resistance 1, electricity resistance, unbreathing,
petrification resistance, rot immunity, AC +4
a: no special abilities


You were on level 4 of the Dungeon.
You were not hungry.

You visited 1 branch of the dungeon, and saw 4 of its levels.

You collected 236 gold pieces.

Inventory:

Hand Weapons
 a - a +0 flail (weapon)
Missiles
 e - 99 stones (quivered)
Armour
 b - a +0 scale mail (worn)
 c - a +0 shield (worn)
 m - a +0 pair of gloves (worn)
 s - a +0 cloak (worn)
 A - a +2 helmet (worn)
Jewellery
 p - an uncursed amulet of faith {unknown}
 C - a ring of stealth (left hand)
Scrolls
 h - 2 scrolls of teleportation {unknown}
 i - 6 scrolls of remove curse {unknown}
 k - 2 scrolls of magic mapping {unknown}
 o - 4 scrolls of identify {unknown}
 q - a scroll of amnesia {unknown}
 u - a scroll of immolation {unknown}
 w - 2 scrolls of random uselessness {unknown}
 x - 3 scrolls of enchant weapon {unknown}
 y - 2 scrolls of blinking {unknown}
Potions
 d - 2 potions of might
 g - a potion of brilliance {unknown}
 j - 2 potions of flight {unknown}
 l - 2 potions of cancellation {unknown}
 n - 2 potions of heal wounds {unknown}
 r - a potion of berserk rage {unknown}
 t - a potion of haste {unknown}
 v - a potion of magic {unknown}
 z - a potion of lignification {unknown}
 B - a potion of agility {unknown}
Comestibles
 f - 9 rations


   Skills:
 + Level 4.1 Fighting
 + Level 4.0 Maces & Flails
 + Level 1.8 Throwing
 + Level 4.2 Armour
 + Level 1.2 Dodging
 + Level 4.5 Shields


You had 5 spell levels left.
You didn't know any spells.

Dungeon Overview and Level Annotations

Branches:
Dungeon (4/15)
 Temple: D:4-7

Altars:
Dithmenos
Elyvilon
Gozag
Okawaru
Ru
Trog
Uskayaw
Xom
Zin
The Shining One


Innate Abilities, Weirdness & Mutations

You are resistant to torment.
Your stone body is resilient. (AC +4)
You are immune to poison.
You resist negative energy. (rN+)
You are resistant to electric shocks. (rElec)
You can survive without breathing.
You are immune to petrification.
You are immune to rotting.


Message History

The ice beast is almost dead.
You block the ice beast's attack.
You hit the ice beast.
You kill the ice beast!
Your Maces & Flails skill increases to level 4!
You hit the ogre.
The ogre is lightly wounded.
You block the ogre's attack.
You sock the ogre!
The ogre is severely wounded.
You block the ogre's attack.
You sock the ogre!
The ogre is almost dead.
The ogre hits you with a giant club!!
Ouch! That really hurt!
* * * LOW HITPOINT WARNING * * *
You hit the ogre but do no damage.
The ogre is almost dead.
The ogre hits you with a giant club!
You die...

#....##........#...
#.....#.......<'...
##....#........#...
#....#........####
###..#+####.......
#+########.#
#.......
...........#
#.......
...........#
#.......
.......@...#
#.......
#######O####
###'##### (Z.
#........ .....
#........ .......
#........ #...[...#
#........ #.......#
###'##### ##.....##
#........ #........


You could see an ogre and an adder zombie.

Vanquished Creatures
  An ice beast (D:4)
  An iguana (D:4)
  An orc wizard (D:3)
  A worker ant (D:4)
  A hound skeleton (D:4)
  5 adders
  An ooze (D:2)
  2 dart slugs
  3 leopard geckos
  4 orcs (D:3)
  2 ball pythons
  7 giant cockroaches
  11 goblins
  11 hobgoblins
  6 jackals
  12 kobolds
  2 quokkas (D:4)
  13 bats
  7 frilled lizards
  13 rats
  2 plants (D:2)
106 creatures vanquished.

Notes
Turn   | Place    | Note
-------+----------+-------------------------------------------
     0 | D:1      | Dox the Gargoyle Fighter began the quest for the Orb.
     0 | D:1      | Reached XP level 1. HP: 14/14 MP: 1/1
   107 | D:1      | Reached XP level 2. HP: 17/19 MP: 2/2
   254 | D:1      | Reached XP level 3. HP: 22/23 MP: 3/3
   583 | D:1      | Found a glowing silver altar of Zin.
   585 | D:1      | Found a bloodstained altar of Trog.
   585 | D:1      | Found a basalt altar of Yredelemnul.
   587 | D:1      | Found a shimmering altar of Xom.
   587 | D:1      | Found a shadowy altar of Dithmenos.
   587 | D:1      | Found a hide-covered altar of Uskayaw.
   723 | D:2      | Reached XP level 4. HP: 27/28 MP: 4/4
  1209 | D:2      | Found a glowing golden altar of the Shining One.
  1574 | D:2      | Reached XP level 5. HP: 32/33 MP: 5/5
  1826 | D:3      | Found an iron altar of Okawaru.
  1835 | D:3      | Reached skill level 1 in Throwing
  1903 | D:3      | Found a bloodstained altar of Trog.
  2518 | D:3      | Found an opulent altar of Gozag.
  2580 | D:4      | Reached skill level 1 in Dodging
  2744 | D:4      | Found a shimmering altar of Xom.
  2744 | D:4      | Found a sacrificial altar of Ru.
  2764 | D:4      | Found a white marble altar of Elyvilon.
  2808 | D:4      | Found a shadowy altar of Dithmenos.
  2826 | D:4      | Reached XP level 6. HP: 38/38 MP: 6/6
  2855 | D:4      | Noticed an ice beast
  2884 | D:4      | Killed an ice beast
  2888 | D:4      | Mangled by an ogre

Skill      XL: |  1  2  3  4  5  6 |
---------------+-------------------+-----
Shields        | 4 |  4.5
Maces & Flails | 3 4 |  4.0
Throwing       | 1 |  1.8
Fighting       | 4 |  4.1
Dodging        | 1 |  1.2
Armour         | 4 |  4.2

Action                   |  1- 3 |  4- 6 || total
-------------------------+-------+-------++-------
Melee: Flail             |   111 |   328 ||   439
Throw: Stone             |    36 |   157 ||   193
  Eat: Chunk             |       |     8 ||     8
Armor: Scale mail        |    53 |   205 ||   258
Dodge: Dodged            |    29 |    91 ||   120
Block: Shield            |    58 |   160 ||   218
